 Dungeon Crawl Stone Soup version 0.26.1-11-gd32895ea62 (webtiles) character file.

Game seed: 13345130928562451579

1332 Tirrikindir the Carver (level 8, -1/59 HPs)
             Began as an Octopode Fighter on June 1, 2021.
             Was an Initiate of Gozag.
             Slain by an ogre
             ... wielding a +0 giant club
              (21 damage)
             ... on level 6 of the Dungeon.
             The game lasted 00:11:35 (5661 turns).

Tirrikindir the Carver (Octopode Fighter)           Turns: 5661, Time: 00:11:36

Health: -1/59      AC:  3    Str: 16    XL:     8   Next: 61%
Magic:  8/8        EV: 13    Int: 10    God:    Gozag
Gold:   636        SH:  9    Dex: 13    Spells: 7/7 levels left

rFire    . . .     SeeInvis .   a - +1 long sword
rCold    . . .     Faith    .   b - +0 kite shield
rNeg     . . .     Spirit   .   (helmet restricted)
rPois    .         Reflect  .   (no amulet)
rElec    .         Harm     .   (no ring)
rCorr    .         Rampage  .   (no ring)
Will     .....                  (no ring)
Stlth    ++++......             (no ring)
HPRegen  0.19/turn              (no ring)
MPRegen  0.11/turn              (no ring)
                                (no ring)
                                (no ring)

@: no status effects
A: almost no armour, stealthy swim, amphibious, 8 rings, constrict 8, yellow
scales 1, camouflage 1, robust 1, gelatinous body 1, evolution 1
a: Renounce Religion, Potion Petition, Call Merchant, Bribe Branch


You were on level 6 of the Dungeon.
You worshipped Gozag.
Gozag was pleased with you.
You visited 2 branches of the dungeon, and saw 7 of its levels.

You collected 691 gold pieces.
You paid 55 gold pieces to Gozag.

Inventory:

Hand Weapons
 a - a +1 long sword (weapon)
Missiles
 m - 4 boomerangs (quivered)
Armour
 b - a +0 kite shield (worn)
Jewellery
 o - an uncursed ring of ice
Wands
 k - a wand of acid (5)
 q - a wand of enslavement (5)
Scrolls
 h - 3 scrolls of teleportation
 i - 4 scrolls of remove curse
 j - a scroll of fear
Potions
 c - 2 potions of might
 d - 5 potions of curing
 e - 3 potions of lignification
 f - a potion of mutation
 l - a potion of flight {unknown}
 n - 2 potions of attraction {unknown}


   Skills:
 + Level 4.2 Fighting
 * Level 8.1 Long Blades
 * Level 4.3 Dodging
 + Level 4.3 Stealth
 * Level 4.3 Shields
 + Level 1.0 Evocations


You had 7 spell levels left.
You didn't know any spells.
Your spell library contained the following spells:

 Spells                   Type           Power        Failure   Level
 Animate Skeleton         Necr           0%           83%         1
 Apportation              Tloc           0%           83%         1
 Corona                   Hex            0%           83%         1
 Summon Small Mammal      Summ           0%           83%         1
 Confusing Touch          Hex            0%           99%         3
 Gell's Gravitas          Tloc           0%           99%         3
 Petrify                  Tmut/Erth      0%           100%        4
 Metabolic Englaciation   Hex/Ice        0%           100%        5
 Yara's Violent Unravell  Hex/Tmut       0%           100%        5


Dungeon Overview and Level Annotations

Branches:
Dungeon (6/15)             Temple (1/1) D:4

Altars:
Ashenzari
Cheibriados
Dithmenos
Elyvilon
Fedhas
Gozag
Hepliaklqana
Kikubaaqudgha
Makhleb
Nemelex Xobeh
Okawaru
Qazlal
Ru
Sif Muna
Trog
Uskayaw
Vehumet
Wu Jian
Xom
Yredelemnul
Zin
The Shining One

Annotations:
D:3 1 runed translucent door, Pepete's ghost, amateur KoBe
D:4 2 transporters, Bjurg's ghost, novice HOFi


Innate Abilities, Weirdness & Mutations

You cannot wear most types of armour.
You are very stealthy in the water. (Stealth+)
You are amphibious.
You can wear up to eight rings at the same time.
You can use your tentacles to constrict eight enemies at once.
Your skin changes colour to match your surroundings (Stealth+).
Your rubbery body absorbs attacks. (AC +1, EV +1)
You are partially covered in yellow scales. (AC +2)
You are robust. (+10% HP)
You evolve.


Message History

You open the door.
There is an open door here.
You now have 636 gold pieces (gained 16).
An ogre comes into view. It is wielding a +0 giant club.
Found 20 gold pieces.
The ogre shouts!
The ogre hits you with a +0 giant club!!
You hit the ogre.
The ogre is lightly wounded.
The ogre hits you with a +0 giant club!
You hit the ogre.
The ogre is lightly wounded.
You hit the ogre.
The ogre is moderately wounded.
The ogre hits you with a +0 giant club!
You completely miss the ogre.
The ogre is moderately wounded.
The ogre hits you with a +0 giant club!!
You die...
Your body crumbles into a pile of gold.

#.########.......#.#..
#.# #!......#.#.. #.#
#####.....#..
#.#####.# ...
+.....#..
#.......######.#
....5#..
#.######.......# ..
#.. #.......#### ##.
+........... +.
#...@....... #.
#..O........ ##
#...........
#.......#### #.......#
#######$# .# .#


You could see an ogre.

Vanquished Creatures
  Menkaure (D:5)
  An orc warrior (D:3)
  4 ogres (D:4)
  2 bullfrogs
  A bullfrog zombie (D:5)
  A bullfrog skeleton (D:5)
  An orc priest (D:3)
  3 hounds
  A jelly (D:5)
  Terence (D:2)
  4 orc wizards
  2 worker ants
  8 adders
  4 gnolls (D:4)
  5 oozes
  An adder skeleton (D:5)
  5 worms
  A dart slug (D:3)
  3 leopard geckos
  22 orcs
  3 giant cockroaches
  5 goblins
  10 hobgoblins
  5 jackals
  4 kobolds
  A quokka (D:4)
  3 ball pythons
  9 bats
  5 frilled lizards
  A quokka skeleton (D:4)
  6 rats
123 creatures vanquished.

Vanquished Creatures (others)
  A jackal (D:5)
  2 withered plants (D:3)
3 creatures vanquished.

Grand Total: 126 creatures vanquished

Notes
Turn   | Place    | Note
-------+----------+-------------------------------------------
     0 | D:1      | Tirrikindir the Octopode Fighter began the quest for the
                  | Orb.
     0 | D:1      | Reached XP level 1. HP: 16/16 MP: 1/1
   168 | D:1      | Reached XP level 2. HP: 21/21 MP: 2/2
   359 | D:1      | Reached skill level 1 in Stealth
   912 | D:1      | Reached XP level 3. HP: 26/26 MP: 3/3
  1386 | D:2      | Noticed Terence
  1402 | D:2      | Killed Terence
  1403 | D:2      | Reached skill level 3 in Long Blades
  1403 | D:2      | Reached XP level 4. HP: 26/31 MP: 4/4
  1744 | D:2      | Gained mutation: You are partially covered in yellow
                  | scales. (AC +2) [potion of mutation]
  1744 | D:2      | Gained mutation: You are dopey. (Int -2) [potion of
                  | mutation]
  1744 | D:2      | Gained mutation: You evolve. [potion of mutation]
  1762 | D:2      | Reached XP level 5. HP: 29/36 MP: 5/5
  2110 | D:3      | Found a glowing golden altar of the Shining One.
  2124 | D:3      | Found a bloodstained altar of Trog.
  2239 | D:3      | Found a runed translucent door.
  2239 | D:3      | Noticed Pepete's ghost (amateur KoBe)
  2504 | D:3      | Noticed an orc warrior
  2506 | D:3      | Reached skill level 4 in Long Blades
  2506 | D:3      | Reached XP level 6. HP: 39/43 MP: 6/6
  2531 | D:3      | Killed an orc warrior
  2801 | D:3      | Gained mutation: You are robust. (+10% HP) [evolution]
  3002 | D:3      | Found a burning altar of Makhleb.
  3005 | D:3      | Found a sacrificial altar of Ru.
  3005 | D:3      | Found a shimmering blue altar of Sif Muna.
  3006 | D:3      | Found an ornate altar of the Wu Jian Council.
  3006 | D:3      | Found an opulent altar of Gozag.
  3025 | D:3      | Became a worshipper of Gozag Ym Sagoz the Greedy
  3386 | D:4      | Found a staircase to the Ecumenical Temple.
  3401 | Temple   | Entered the Ecumenical Temple
  3496 | D:4      | Found a basalt altar of Yredelemnul.
  3498 | D:4      | Found a sparkling altar of Nemelex Xobeh.
  3498 | D:4      | Found a shimmering altar of Xom.
  3500 | D:4      | Found a sacrificial altar of Ru.
  3500 | D:4      | Found a shimmering altar of Xom.
  3500 | D:4      | Found an ancient bone altar of Kikubaaqudgha.
  3601 | D:4      | Reached skill level 5 in Long Blades
  3601 | D:4      | Reached XP level 7. HP: 52/52 MP: 7/7
  3690 | D:4      | Found a transporter.
  3692 | D:4      | Noticed Bjurg's ghost (novice HOFi)
  3837 | D:4      | Reached skill level 6 in Long Blades
  3881 | D:4      | Lost mutation: You are dopey. (Int -2) [evolution]
  4041 | D:4      | Found a transporter.
  4106 | D:4      | Reached skill level 7 in Long Blades
  4106 | D:4      | Reached XP level 8. HP: 59/59 MP: 8/8
  4668 | D:5      | Entered Level 5 of the Dungeon
  5095 | D:5      | Noticed Menkaure
  5100 | D:5      | Killed Menkaure
  5101 | D:5      | Reached skill level 8 in Long Blades
  5314 | D:5      | Reached skill level 1 in Evocations
  5661 | D:6      | Slain by an ogre

Illustrated notes

Levels and vault maps discovered:
D:1:      beargit_arrival_greenhouse, layout_basic, minmay_misc_feat_hallway
D:2:      layout_loops_cross, minmay_misc_feat_roman, uniq_terence
D:3:      layout_loops_ring, minitemple, grunt_temple_overflow_open,
          gammafunk_ghost_grave, minmay_mini_jars
D:4:      layout_cave_pods, minmay_temple_entry_offerings,
          gammafunk_ghost_stat_death, doesnt_xom_only_xom
D:5:      layout_loops_ring, uniq_menkaure
D:6:      layout_basic
Temple:   eino_wide_crystal_templ

Skill      XL: |  1  2  3  4  5  6  7  8 |
---------------+-------------------------+-----
Stealth        | 1 2 3 4 |  4.3
Long Blades    | 3 4 5 7 8 |  8.1
Dodging        | 4 |  4.3
Shields        | 4 |  4.3
Fighting       | 4 |  4.2
Evocations     | 1 |  1.0

Action                   |  1- 3 |  4- 6 |  7- 9 || total
-------------------------+-------+-------+-------++-------
Melee: Long sword        |    55 |    78 |   103 ||   236
       Constrict         |    13 |    21 |    27 ||    61
       Tentacles         |     8 |    15 |    26 ||    49
Throw: Boomerang         |       |       |     3 ||     3
  Use: Scroll            |     6 |     4 |     2 ||    12
       Potion            |       |     4 |       ||     4
 Stab: Sleeping          |     5 |    13 |     6 ||    24
Armor: Skin              |     9 |    11 |     3 ||    23
Dodge: Dodged            |    26 |    33 |    29 ||    88
Block: Kite shield       |    26 |    40 |    44 ||   110
       Rpst.: Long sword |    12 |    11 |     9 ||    32
